 Dungeon Crawl Stone Soup version 0.30-a0-799-g109b55a442 (webtiles) character file.

Game seed: 239485556239017002

5254 miscthings the Thaumaturge (level 10, 0/60 HPs)
             Began as a Djinni Conjurer on Feb 20, 2023.
             Slain by a bullfrog (4 damage)
             ... on level 8 of the Dungeon.
             The game lasted 00:10:41 (6034 turns).

miscthings the Thaumaturge (Djinni Conjurer)        Turns: 6034, Time: 00:10:42

Health: 0/60       AC:  5    Str:  6    XL:     10   Next: 93%
Gold:   406        EV: 12    Int: 25    God:
                   SH:  0    Dex: 11

rFire   + + +      SeeInvis .    m - +2 whip (venom)
rCold   x . .      Faith    .    (no shield)
rNeg    . . .      Spirit   .    a - +0 robe
rPois   ∞          Reflect  .    b - +0 helmet
rElec   .          Harm     .    E - +0 cloak of Valour {rCorr}
rCorr   +          Rampage  .    i - +0 pair of gloves
Will    +....                    (boots unavailable)
Stlth   ++                       (no amulet)
HPRegen 0.30/turn                D - ring of protection from fire
MPRegen 0.00/turn                (no ring)

@: flying
A: sickness immunity, fire resistance 2, cold vulnerability 1, float, innate
caster, HP casting, extra vitality 1
a: no special abilities


You were on level 8 of the Dungeon.
You visited 2 branches of the dungeon, and saw 9 of its levels.

You collected 406 gold pieces.

Inventory:

Hand Weapons
 m - a +2 whip of venom (weapon)
Armour
 a - a +0 robe (worn)
 b - a +0 helmet (worn)
 i - a +0 pair of gloves (worn)
 y - the +2 ring mail "Nulyll" {Rampage rN+++ rCorr MP-9}
   (You found it on level 4 of the Dungeon)

   rN:        It renders you almost immune to negative energy.
   MP:        It affects your magic capacity (-9).
   rCorr:     It protects you from acid and corrosion.
   Rampage:   It bestows one free step when moving towards enemies.
 E - the +0 cloak of Valour (worn) {rCorr}
   (You found it on level 8 of the Dungeon)

   rCorr:     It protects you from acid and corrosion.
Jewellery
 D - a ring of protection from fire (left hand)
Wands
 s - a wand of mindburst (9)
 x - a wand of flame (14)
 B - a wand of digging (13)
Scrolls
 d - a scroll of torment {unknown}
 f - a scroll of amnesia {unknown}
 g - a scroll of enchant weapon
 h - a scroll of immolation
 j - 2 scrolls of teleportation
 n - a scroll of silence {unknown}
 p - a scroll of vulnerability {unknown}
 t - a scroll of blinking
 u - a scroll of poison {unknown}
 w - a scroll of butterflies {unknown}
 C - a scroll of identify {@r1}
Potions
 c - a potion of haste
 e - 5 potions of lignification
 k - 3 potions of heal wounds
 l - 9 potions of curing
 o - 3 potions of attraction
 q - 2 potions of brilliance
 r - 3 potions of invisibility
 v - a potion of mutation
 z - a potion of ambrosia {unknown}
 A - a potion of might {unknown}


   Skills:
 - Level 2.1 Dodging
 - Level 1.5 Stealth
 + Level 12.3 Spellcasting


You knew the following spells:

 Your Spells              Type           Power      Damage    Failure   Level
a - Searing Ray           Conj           100%       2d8       1%          2
b - Magic Dart            Conj           100%       1d8       1%          1
c - Dazzling Flash        Conj/Hex       100%       N/A       1%          3
d - Fulminant Prism       Conj/Hex       33%        3d16      1%          4
e - Iskenderun's Mystic   Conj/Tloc      67%        2d14      1%          4
f - Sting                 Tmut/Pois      100%       1d8       1%          1
g - Static Discharge      Conj/Air       100%       2-7/arc   1%          2
h - Lesser Beckoning      Tloc           100%       N/A       1%          2
i - Leda's Liquefaction   Hex/Erth       33%        N/A       1%          4
Your spell library was empty.

Dungeon Overview and Level Annotations

Branches:
Dungeon (8/15)             Temple (1/1) D:7
   Lair: D:8-11

Altars:
Ashenzari
Cheibriados
Elyvilon
Fedhas
Gozag
Hepliaklqana
Makhleb
Nemelex Xobeh
Okawaru
Qazlal
Ru
Trog
Uskayaw
Wu Jian
Xom
Yredelemnul
Zin
The Shining One

Shops:
D:6 [

Annotations:
D:7 3 runed translucent doors, monoptic's ghost, novice MiFi


Innate Abilities, Weirdness & Mutations

You are immune to sickness and miasma.
You are immune to poison.
Your flesh is very heat resistant. (rF++)
You are vulnerable to cold. (rC-)
You float through the air rather than walking.
You learn spells naturally, not from books.
Your magical power is your life essence.
You have superior vitality. (+4 MHP)


Message History

Casting: Searing Ray (safe; 1% risk of failure)
Confirm with . or Enter, or press ? or * to list all spells.
You can't see any susceptible monsters within range! (Use Z to cast anyway.)
A bullfrog comes into view.
The bullfrog gives a loud, deep croak!
Casting: Searing Ray (safe; 1% risk of failure)
Confirm with . or Enter, or press ? or * to list all spells.
Aiming: Searing Ray (safe; 1% risk of failure)
Press: ? - help, Shift-Dir - straight line, f - bullfrog
Aim: a bullfrog (79% to hit)
The searing ray hits the bullfrog!
The bullfrog is heavily wounded. (Press . to maintain the ray.)
A centaur comes into view. It is wielding a +0 sling.
The bullfrog barely misses you.
The searing ray misses the bullfrog.
The centaur shouts!
The bullfrog hits you. The bullfrog hits you!
The bullfrog attacks as you move away! The bullfrog hits you.
The bullfrog attacks as you move away! The bullfrog barely misses you.
Aiming: Fulminant Prism (safe; 1% risk of failure)
Press: ? - help, Q - select action, (/) - cycle Dir - move target, p - bullfrog You conjure a prism of explosive energy!
A fulminant prism comes into view.
The bullfrog hits you. x3
Casting: Fulminant Prism (safe; 1% risk of failure)
Confirm with . or Enter, or press ? or * to list all spells.
You erupt in a blast of force!
The mystic blast hits the bullfrog!!
You kill the bullfrog!
The mystic blast hits the bullfrog!!
The bullfrog is almost dead.
* * * LOW HITPOINT WARNING * * *
The centaur shoots a sling bullet.
The sling bullet misses you. The bullfrog hits you!
* * * LOW HITPOINT WARNING * * *
The centaur shoots a sling bullet.
The sling bullet hits you!
* * * LOW HITPOINT WARNING * * *
Your fulminant prism crackles loudly.
The bullfrog attacks as you move away! The bullfrog hits you.
You die...

.. ......# #.#.
.... ....... ..#.
....# ......# ###.
...#.# ......#
###. ....#.#
....... #...
.[.#...# .c.....
#.##
..#.._..#.*.....
####.## #.#..F#†#
###....#. #.#.#@##
#....)##. #.#.#.#
#.....##. #†#.##
#......#.
#.#.#'#####
#......##
#.#.#......#
#....)...
#####......#
#......## #......#
#.....#..
#......#####...#..
#..............##.


You could see a bullfrog, a centaur (ally target) and a friendly fulminant
prism.

Vanquished Creatures
  A two-headed ogre (D:8)
  Amaemon (D:8)
  Joseph (D:7)
  An orange demon (D:8)
  3 unseen horrors (D:7)
  A troll (D:7)
  Sigmund (D:3)
  Edmund (D:4)
  A water moccasin (D:8)
  An orc warrior (D:5)
  5 ice beasts
  A sky beast (D:8)
  An ogre (D:5)
  A centaur (D:8)
  3 phantoms
  5 bullfrogs
  A necrophage (D:6)
  2 scorpions
  A howler monkey (D:4)
  3 hounds
  2 orc priests (D:5)
  A gnoll bouda (D:7)
  2 jellies
  Jessica (D:3)
  Natasha (thrice) (D:3)
  An iguana (D:6)
  9 gnolls
  7 adders
  A shadow imp (D:7)
  A white imp (D:6)
  2 worms (D:2)
  2 dart slugs
  2 orcs
  6 endoplasms
  4 goblins
  6 hobgoblins
  6 jackals
  2 quokkas
  9 ball pythons
  7 bats
  A frilled lizard (D:3)
  7 kobolds
  7 rats
  A fulminant prism (D:5)
125 creatures vanquished.

Vanquished Creatures (others)
  23 fulminant prisms
  47 fungi
  50 plants
120 creatures vanquished.

Grand Total: 245 creatures vanquished

Notes
Turn   | Place    | Note
-------+----------+-------------------------------------------
     0 | D:1      | miscthings the Djinni Conjurer began the quest for the Orb.
     0 | D:1      | miscthings set off with the following spells memorised:
                  | Magic Dart, Searing Ray, Dazzling Flash, Fulminant Prism,
                  | Iskenderun's Mystic Blast.
     0 | D:1      | Reached XP level 1. HP: 15/15 MP: 0/0
    55 | D:1      | Reached XP level 2. HP: 11/21 MP: 0/0
   876 | D:2      | Reached XP level 3. HP: 16/25 MP: 0/0
   876 | D:2      | Learned a level 1 spell: Sting
  1072 | D:2      | Reached skill level 4 in Spellcasting
  1225 | D:2      | Reached XP level 4. HP: 26/31 MP: 0/0
  1486 | D:3      | Noticed Sigmund
  1489 | D:3      | Killed Sigmund
  1490 | D:3      | Reached skill level 5 in Spellcasting
  1490 | D:3      | Reached XP level 5. HP: 27/35 MP: 0/0
  1490 | D:3      | Learned a level 2 spell: Static Discharge
  1490 | D:3      | Reached XP level 6. HP: 31/40 MP: 0/0
  1563 | D:3      | Noticed Natasha
  1568 | D:3      | Killed Natasha
  1812 | D:3      | Noticed Natasha
  1817 | D:3      | Killed Natasha
  1874 | D:3      | Noticed Jessica
  1887 | D:3      | Killed Jessica
  1913 | D:3      | Reached skill level 6 in Spellcasting
  2417 | D:3      | Noticed Natasha
  2421 | D:3      | Killed Natasha
  2422 | D:3      | Reached XP level 7. HP: 42/45 MP: 0/0
  2422 | D:3      | Learned a level 2 spell: Lesser Beckoning
  2462 | D:4      | Found a blossoming altar of Fedhas.
  2640 | D:4      | Identified the +2 ring mail "Nulyll" {Rampage rN+++ rCorr
                  | MP-9}
  2640 | D:4      | Noticed Edmund
  2650 | D:4      | Killed Edmund
  3043 | D:5      | Entered Level 5 of the Dungeon
  3064 | D:5      | Reached skill level 7 in Spellcasting
  3064 | D:5      | Reached XP level 8. HP: 16/50 MP: 0/0
  3200 | D:5      | Found a bloodstained altar of Trog.
  3384 | D:5      | Reached skill level 8 in Spellcasting
  3762 | D:6      | Found Tastrad's Antique Armour Shop.
  3971 | D:6      | Reached XP level 9. HP: 47/55 MP: 0/0
  3971 | D:6      | Learned a level 4 spell: Leda's Liquefaction
  4126 | D:7      | Found a staircase to the Ecumenical Temple.
  4140 | D:6      | Reached skill level 9 in Spellcasting
  4163 | D:7      | Noticed Joseph
  4169 | D:7      | Killed Joseph
  4174 | Temple   | Entered the Ecumenical Temple
  4413 | D:7      | Reached skill level 10 in Spellcasting
  4563 | D:7      | Killed an unseen horror
  4710 | D:7      | Found an ornate altar of the Wu Jian Council.
  4710 | D:7      | Found a basalt altar of Yredelemnul.
  5001 | D:7      | Found a runed translucent gate.
  5001 | D:7      | Found a runed translucent gate.
  5002 | D:7      | Found a runed translucent gate.
  5005 | D:7      | Noticed monoptic's ghost (novice MiFi)
  5101 | D:7      | Killed an unseen horror
  5102 | D:7      | Reached XP level 10. HP: 21/60 MP: 0/0
  5270 | D:7      | Reached skill level 11 in Spellcasting
  5332 | D:7      | Killed an unseen horror
  5732 | D:8      | Identified the +0 cloak of Valour {rCorr}
  5773 | D:8      | Noticed a two-headed ogre
  5780 | D:8      | Noticed Amaemon
  5781 | D:8      | Noticed an orange demon
  5782 | D:8      | Killed a two-headed ogre
  5791 | D:8      | Killed Amaemon
  5792 | D:8      | Reached skill level 12 in Spellcasting
  5794 | D:8      | Killed an orange demon
  6026 | D:8      | Found a snail-covered altar of Cheibriados.
  6034 | D:8      | Slain by a bullfrog

Illustrated notes

Levels and vault maps discovered:
D:1:      nicolae_arrival_memento_mori, layout_rooms, serial_co_window_serial,
          co_window_paths_a, co_window_of_opportunity_a, co_window_corner_a,
          co_window_paths_b, co_window_corner_a, co_window_paths_a,
          co_window_paths_b, co_window_paths_b, co_window_paths_a,
          co_window_2corner, co_window_broadway_c, co_window_broadway_b,
          co_window_paths_c, co_window_unsneaky_path_c, glass_columns_b,
          glass_columns_b, glass_columns_c, glass_columns_b
D:2:      layout_loops_ring, minmay_randomly_rotated_circles
D:3:      layout_rooms, dreamdust_wishing_well, uniq_natasha, uniq_sigmund,
          uniq_jessica
D:4:      layout_cave_pools, fedhas_altar_3, uniq_edmund
D:5:      layout_rooms, lemuel_tele_altar
D:6:      layout_cave_pools, serial_shops, nicolae_take_the_stairs,
          nicolae_elevator_lobby_plus
D:7:      layout_loops_ring, chequers_temple_overflow_statue_of_worship,
          minmay_temple_entry_statues, gammafunk_ghost_necromancy,
          wad_mini_maze, uniq_joseph
D:8:      layout_basic, cheibriados_altar_1, due_lair_maze_entry_diamond,
          uniq_amaemon, uniq_grum
Temple:   regret_index_temple_waves

Skill      XL: |  1  2  3  4  5  6  7  8  9 10 |
---------------+-------------------------------+-----
Spellcasting   | 4 5 6 7 8 10 12 | 12.3
Dodging        | |  2.1
Stealth        | |  1.5

Action                     |  1- 3 |  4- 6 |  7- 9 | 10-12 || total
---------------------------+-------+-------+-------+-------++-------
  Melee: Whip              |       |     3 |       |       ||     3
   Cast: Magic Dart        |    10 |     7 |     4 |       ||    21
         Searing Ray       |    25 |    15 |    39 |    10 ||    89
         Fulminant Prism   |       |     1 |    17 |     7 ||    25
         Static Discharge  |       |     3 |     1 |       ||     4
         Iskenderun's Myst |       |       |    19 |     7 ||    26
    Use: Scroll            |       |       |    15 |       ||    15
 Armour: Robe              |     1 |     5 |     6 |     4 ||    16
  Dodge: Dodged            |     5 |     7 |     8 |     9 ||    29

Table legend: (Time is in decaauts)
 A = Elapsed time spent in this place.
 B = Non-inter-level travel time spent in this place.
 C = Inter-level travel time spent in this place.
 D = Time resting spent in this place.
 E = Time spent auto-exploring this place.
 F = Levels seen in this place.
 G = Mean time per level.
                   A        B        C        D        E       F      G
               +--------+--------+--------+--------+--------+-----+--------+
         Total |   6032 |   5699 |    333 |    792 |   4029 |   9 |  670.2 |
       Dungeon |   5909 |   5595 |    314 |    792 |   3937 |   8 |  738.6 |
        Temple |    123 |    104 |     19 |      0 |     92 |   1 |  123.0 |
               +--------+--------+--------+--------+--------+-----+--------+

Top non-repeatable levels by time:
     D:7: 1308 daAuts
     D:3: 976 daAuts
     D:1: 778 daAuts
     D:2: 707 daAuts
     D:4: 698 daAuts
     D:6: 548 daAuts
     D:8: 473 daAuts
     D:5: 419 daAuts
  Temple: 123 daAuts
